 Dungeon Crawl Stone Soup version 0.30-a0-782-ge64f9170bb (webtiles) character file.

Game seed: 17375301876193003193

464213 Caestello the Tortoise (level 23, -4/137 (167) HPs)
             Began as a Gnoll Wanderer on Feb 18, 2023.
             Was the Champion of Ru.
             Killed from afar by Sojobo (25 damage)
             ... with a bolt of lightning
             ... on level 1 of the Crypt on Feb 19, 2023.
             The game lasted 05:55:31 (88551 turns).

Caestello the Tortoise (Gnoll Wanderer)            Turns: 88551, Time: 05:55:32

HP:   -4/137 (167)  AC: 25    Str: 16    XL:     23   Next: 22%
MP:   49/52         EV: 10    Int: 23    God:    Ru [******]
Gold: 1848          SH: 25    Dex: 19    Spells: 4/55 levels left

rFire   + + .      SeeInvis +    F - +7 hand axe of the Saviour {spect, rF++ Will+ MP+9 Dex-3 SInv}
rCold   + . .      Faith    .    t - +5 kite shield
rNeg    + . .      Spirit   .    A - +0 faerie dragon scales {rPois rCorr Int-5 Dex+3 Stlth+}
rPois   +          Reflect  +    l - +2 helmet {Int+3}
rElec   .          Harm     .    C - +1 cloak "Cumpatzo" {Will+ Dex+3}
rCorr   +          Rampage  .    O - +2 pair of gloves of the Other Side {Str+3}
Will    +++..                    y - +2 pair of boots {Fly}
Stlth   +++++++                  G - amulet of reflection
HPRegen 0.42/turn                Y - ring of Arrival {rN+ Int+4 Dex+4}
MPRegen 0.33/turn                K - ring of protection from cold

@: exhausted, swift, flying, studying 2 skills, heavily drained, very quick
A: fangs 1, frail 1, hated by all, inability to train dodging, inexperienced 1,
missing an eye, strong nose, distributed training, hooves 1, screaming 1
}: 3/15 runes: barnacled, silver, gossamer
a: Renounce Religion, Draw Out Power, Power Leap, Apocalypse


You were on level 1 of the Crypt.
You worshipped Ru.
Ru was exalted by your worship.
You visited 12 branches of the dungeon, and saw 46 of its levels.
You also visited: Ice Cave.

You collected 7277 gold pieces.
You spent 5429 gold pieces at shops.

Inventory:

Hand Weapons
 a - the +9 dagger "Ucui" {freeze, Int+5}
   (You found it on level 8 of the Dungeon)

   Int:       It affects your intelligence (+5).
 b - the +12 quarterstaff of Jaxenaff {speed, rElec}
   (You took it off a deep elf annihilator on level 3 of the Elven Halls)

   rElec:     It insulates you from electricity.
 F - the +7 hand axe of the Saviour (weapon) {spect, rF++ Will+ MP+9 Dex-3 SInv}
   (You found it on level 13 of the Dungeon)

   Dex:       It affects your dexterity (-3).
   rF:        It greatly protects you from fire.
   MP:        It affects your magic capacity (+9).
   SInv:      It lets you see invisible.
   Will:      It increases your willpower.
Armour
 l - a +2 helmet of intelligence (worn)
 t - a +5 kite shield (worn)
 y - a +2 pair of boots of flying (worn)
 A - the +0 faerie dragon scales (worn) {rPois rCorr Int-5 Dex+3 Stlth+}
   (You took it off the Enchantress on level 2 of the Depths)

   Int:       It affects your intelligence (-5).
   Dex:       It affects your dexterity (+3).
   rPois:     It protects you from poison.
   rCorr:     It protects you from acid and corrosion.
   Stlth:     It makes you more stealthy.
 C - the +1 cloak "Cumpatzo" (worn) {Will+ Dex+3}
   (You found it on level 4 of the Shoals)

   Dex:       It affects your dexterity (+3).
   Will:      It increases your willpower.
 J - +2 acid dragon scales
 O - the +2 pair of gloves of the Other Side (worn) {Str+3}
   (You found it on level 6 of the Dungeon)

   Str:       It affects your strength (+3).
Jewellery
 f - the ring of Honesty {rElec MP+9}
   (You took it off a tengu reaver on level 2 of the Depths)

   [ring of magical power]

   rElec:     It insulates you from electricity.
   MP:        It affects your magic capacity (+9).
 k - a ring of positive energy
 z - a ring of protection from fire
 E - a ring of willpower
 G - an amulet of reflection (around neck)
 I - the ring "Pitas" {Fly Will+ Int+3 Dex+3}
   (You bought it in a shop on level 1 of the Shoals)

   [ring of flight]

   Int:       It affects your intelligence (+3).
   Dex:       It affects your dexterity (+3).
   Fly:       It grants you flight.
   Will:      It increases your willpower.
 K - a ring of protection from cold (right hand)
 W - an amulet of magic regeneration
 Y - the ring of Arrival (left hand) {rN+ Int+4 Dex+4}
   (You found it on level 1 of the Shoals)

   [ring of positive energy]

   Int:       It affects your intelligence (+4).
   Dex:       It affects your dexterity (+4).
   rN:        It protects you from negative energy.
Wands
 P - a wand of polymorph (4)
 R - a wand of mindburst (44)
 T - a wand of flame (40)
 V - a wand of light (12)
 X - a wand of digging (7)
 Z - a wand of iceblast (20)
Scrolls
 e - 6 scrolls of fog
 j - 8 scrolls of poison
 n - a scroll of amnesia
 q - 9 scrolls of magic mapping
 w - a scroll of fear
 B - 4 scrolls of silence
 D - 4 scrolls of teleportation
 U - 27 scrolls of identify
Potions
 c - 5 potions of ambrosia
 d - 11 potions of flight
 g - 3 potions of might
 h - 9 potions of invisibility
 m - 14 potions of curing
 p - 2 potions of magic
 r - 3 potions of cancellation
 s - 8 potions of resistance
 v - 9 potions of brilliance
 x - 16 potions of haste
 H - 4 potions of berserk rage
Miscellaneous
 i - a piece from Xom's chessboard (14/15)
 u - a lightning rod (1/4)
 M - a condenser vane
 Q - a tin of tremorstones (1/2)
 S - a phial of floods


   Skills:
 + Level 16.9 Fighting
 + Level 16.7 Short Blades
 + Level 16.7 Long Blades
 + Level 16.7 Axes
 + Level 16.7 Maces & Flails
 + Level 16.7 Polearms
 + Level 16.7 Staves
 + Level 19.1 Ranged Weapons
 + Level 16.7 Throwing
 + Level 19.1 Armour
   Level 0.0 Dodging
 + Level 16.7 Stealth
 + Level 16.7 Shields
 + Level 16.9 Unarmed Combat
 + Level 16.9 Spellcasting
 + Level 14.2 Conjurations
 + Level 14.2 Hexes
   Level 0.0 Summonings
 + Level 14.2 Necromancy
 + Level 14.2 Translocations
 + Level 14.2 Transmutations
 + Level 15.7 Fire Magic
 + Level 14.2 Ice Magic
 + Level 14.2 Air Magic
 + Level 14.2 Earth Magic
 + Level 14.2 Poison Magic
 + Level 18.1 Invocations
 + Level 16.7 Evocations


You had 4 spell levels left.
You knew the following spells:

 Your Spells              Type           Power      Damage    Failure   Level
a - Foxfire               Conj/Fire      100%       2x1d9     0%          1
b - Scorch                Fire           100%       2d10      0%          2
c - Blink                 Tloc           100%       N/A       1%          2
d - Ignite Poison         Fire/Tmut/Pois 72%        N/A       1%          3
e - Lesser Beckoning      Tloc           100%       N/A       1%          2
f - Poisonous Vapours     Pois/Air       100%       N/A       1%          2
g - Mephitic Cloud        Conj/Pois/Air  71%        N/A       1%          3
h - Airstrike             Air            35%        2d(6-22)  1%          4
i - Teleport Other        Tloc           71%        N/A       1%          3
j - Hailstorm             Conj/Ice       71%        3d15      1%          3
k - Gell's Gravitas       Tloc           71%        N/A       1%          3
l - Sandblast             Erth           100%       2d20      0%          1
m - Olgreb's Toxic Radia  Pois           71%        N/A       1%          4
n - Swiftness             Air            71%        N/A       1%          3
o - Lee's Rapid Deconstr  Erth           35%        3d18*     1%          5
p - Manifold Assault      Tloc           71%        N/A       1%          4
q - Passwall              Tmut/Erth      59%        N/A       1%          2
r - Flame Wave            Conj/Fire      73%        2d16      1%          4

Your spell library contained the following spells:

 Spells                   Type           Power      Damage    Failure   Level
 Apportation              Tloc           100%       N/A       0%          1
 Beastly Appendage        Tmut           100%       N/A       0%          1
 Magic Dart               Conj           100%       1d8       0%          1
 Cigotuvi's Dreadful Rot  Necr/Pois/Air  100%       N/A       1%          2
 Ensorcelled Hibernation  Hex/Ice        100%       N/A       1%          2
 Momentum Strike          Conj/Tloc      100%       3d10      1%          2
 Searing Ray              Conj           100%       2d8       1%          2
 Sublimation of Blood     Necr           71%        N/A       1%          2
 Wereblood                Tmut           71%        N/A       1%          2
 Inner Flame              Hex/Fire       73%        N/A       1%          3
 Kindle Blastsparks       Fire/Tloc/Air  100%       2d18      1%          3
 Spider Form              Tmut/Pois      71%        N/A       1%          3
 Stone Arrow              Conj/Erth      100%       3d13      1%          3
 Cause Fear               Hex            35%        N/A       1%          4
 Fulminant Prism          Conj/Hex       35%        3d17      1%          4
 Ice Form                 Ice/Tmut       71%        N/A       1%          4
 Iskenderun's Mystic Bla  Conj/Tloc      71%        2d14      1%          4
 Sticky Flame             Conj/Fire      73%        2d9       1%          4
 Alistair's Intoxication  Tmut/Pois      47%        N/A       1%          5
 Freezing Cloud           Conj/Ice/Air   35%        6-21      1%          5
 Lightning Bolt           Conj/Air       35%        1d53      1%          5
 Yara's Violent Unravell  Hex/Tmut       35%        3d14      1%          5
 Dispersal                Tloc           35%        N/A       2%          6
 Eringya's Noxious Bog    Tmut/Pois      35%        N/A       2%          6
 Dragon Form              Tmut           35%        N/A       13%         7
 Enfeeble                 Hex            35%        N/A       13%         7
 Ozocubu's Refrigeration  Ice            35%        4d15      13%         7
 Ignition                 Fire           37%        3d11      50%         8
 Disjunction              Tloc           35%        N/A       71%         8
 Lehudib's Crystal Spear  Conj/Erth      35%        10d9      71%         8
 Animate Armour           Summ/Erth      Unusable   N/A       N/A         4
 Summon Ice Beast         Ice/Summ       Unusable   N/A       N/A         4
 Summon Lightning Spire   Summ/Air       Unusable   N/A       N/A         4
 Summon Forest            Summ/Tloc      Unusable   N/A       N/A         5
 Summon Hydra             Summ           Unusable   N/A       N/A         7
 Dragon's Call            Summ           Unusable   N/A       N/A         9

Dungeon Overview and Level Annotations

Branches:
Dungeon (15/15)            Temple (1/1) D:5            Lair (5/5) D:10
 Shoals (4/4) Lair:3       Spider (4/4) Lair:2        Slime (1/5) Lair:4
    Orc (2/2) D:9             Elf (3/3) Orc:2        Vaults (5/5) D:13
  Crypt (1/3) Vaults:2     Depths (4/4) D:15            Zot (1/5) Depths:4
  IceCv (visited)

Altars:
Ashenzari
Cheibriados
Elyvilon
Gozag
Kikubaaqudgha
Makhleb
Nemelex Xobeh
Qazlal
Ru
Sif Muna
Trog
Uskayaw
Vehumet
Wu Jian
Zin
The Shining One

Shops:
D:3 ?   D:12 (   Orc:2 (([:*   Elf:1 *   Elf:2 !   Shoals:1 *   Vaults:2 !
Vaults:3 ***

Portals:
Hell: Depths:1 Depths:2 Depths:3 Depths:4
Abyss: D:7 Depths:1 Depths:3
Pandemonium: Depths:2 Depths:3
Ziggurat: Depths:3

Annotations:
D:7 2 transporters, AverageBear's ghost, novice DsFi
Shoals:1 KennySheep's ghost, journeyman NaVM
Orc:2 1 runed translucent door, xian's ghost, journeyman HOFi
Crypt:1 Sojobo
Depths:4 1 runed translucent door


Innate Abilities, Weirdness & Mutations

You have very sharp teeth.
You are frail. (-10% HP)
You are hated by all.
You cannot train Dodging skill.
You are somewhat inexperienced. (-1 XL)
You are missing an eye, making it more difficult to aim.
Your uncanny sense of smell can sniff out nearby items.
Your experience applies equally to all skills.
You have large cloven feet.
You occasionally shout uncontrollably at your foes.


Message History

You block the iron giant skeleton's attack.
You redirect Sojobo's attack!
Activating: Apocalypse
Press: ? - help, Dir - look around, f - activate You reveal the great annihilating truth to your foes!
The iron giant skeleton is paralysed by terrible understanding!
Sojobo slows down under the weight of truth!
You feel drained.
You hear a chilling moan.
The helpless iron giant skeleton fails to defend itself.
You slice the iron giant skeleton!!
The iron giant skeleton is almost destroyed.
Your +7 hand axe of the Saviour {spect, rF++ Will+ MP+9 Dex-3 SInv} hits the iron giant skeleton but does no damage.
The helpless iron giant skeleton fails to defend itself.
You slash the iron giant skeleton!
The iron giant skeleton is almost destroyed.
Your +7 hand axe of the Saviour {spect, rF++ Will+ MP+9 Dex-3 SInv} hits the iron giant skeleton!
You destroy the iron giant skeleton!
You hit the manticore skeleton.
Your bite misses the manticore skeleton.
The manticore skeleton is lightly damaged.
Your +7 hand axe of the Saviour {spect, rF++ Will+ MP+9 Dex-3 SInv} hits the manticore skeleton!
You block the manticore skeleton's attack. x2
The manticore skeleton claws you.
* * * LOW HITPOINT WARNING * * *
Okay, then.
Casting: Ignite Poison (safe; 1% risk of failure)
Confirm with . or Enter, or press ? or * to list all spells.
You feel quick.
The tengu reaver gestures at you while chanting.
The bolt of lightning hits you but does no damage.
Sojobo waves her feathered arms in wide circles.
The air twists around and strikes you!!
* * * LOW HITPOINT WARNING * * *
You see here a +0 long sword.
You feel better.
You feel better.
Sojobo points at you and mumbles some strange words.
The bolt of lightning hits you!!
You die...

....... ##.. ....... .. #..#
....... #. ..# .>..... ##..
#.# ....... #....
##.#######......#
....##.....##.)....#
...........@..<..###.
#####.......#..$.#...
...##...........).)....##
..............).#.........
.....#.######).........?...#
.###....#))................. .
##.#...####Q............. ..
#.#...).................
...####.#.###..#..............


You could see Sojobo (repels missiles, slow).

Vanquished Creatures
  Mara (Depths:1)
  Frederick (Depths:4)
  Bai Suzhen (Vaults:3)
  The ghost of Dedet the Slayer, a veteran GrRe of Okawaru (Depths:3)
  A golden dragon (Depths:4)
  the Enchantress (Depths:2)
  A bone dragon (Depths:4)
  An Ice Fiend (Depths:4)
  A tentacled monstrosity (Depths:4)
  Rupert (Lair:4)
  5 liches
  5 titans
  A deep elf blademaster (Elf:3)
  3 deep elf master archers (Elf:3)
  A walking frostbound tome (Depths:1)
  A kraken (Shoals:4)
  A quicksilver dragon (Vaults:5)
  A thorn hunter (Depths:2)
  4 tengu reavers
  8 storm dragons
  3 sphinxes
  A shadow dragon (Depths:4)
  Ilsuiw (Shoals:3)
  Donald (Orc:2)
  A revenant (Vaults:2)
  A draconian knight (Zot:1)
  5 fire giants
  7 frost giants
  9 vault wardens
  6 deep elf sorcerers
  2 draconian shifters (Depths:4)
  6 emperor scorpions
  An iron dragon (Depths:3)
  5 deep elf elementalists
  8 ghost moths
  4 orc warlords
  Louise (Depths:3)
  10 very ugly things
  2 spriggan defenders (Depths:2)
  A reaper (Vaults:2)
  A curse skull (Vaults:2)
  A draconian stormcaller (Zot:1)
  4 broodmothers
  5 war gargoyles
  A draconian annihilator (Depths:4)
  12 ironbound preservers
  A quicksilver ooze (Lair:4)
  8 stone giants
  An eleionoma (Depths:2)
  2 deep elf demonologists (Elf:3)
  5 black draconians
  4 vampire knights
  A dire elephant (Vaults:4)
  5 ironbound thunderhulks
  8 deep elf annihilators
  A white draconian (IceCv)
  5 purple draconians (Depths:4)
  10 spark wasps
  5 yellow draconians
  A blizzard demon (Depths:4)
  3 red draconians (Depths:4)
  Snorg (Lair:5)
  An eidolon (Crypt:1)
  11 merfolk impalers
  7 merfolk javelineers
  11 ettins
  2 jiangshi
  2 crystal guardians
  7 deep elf death magi
  5 great orbs of eyes
  11 yaktaur captains
  7 fire dragons
  4 deep elf high priests
  5 entropy weavers
  5 rakshasas
  5 spriggan air magi
  A caustic shrike simulacrum (Depths:4)
  A jorogumo (Spider:2)
  10 ice dragons
  27 vault guards
  3 hydras
  4 centaur warriors
  A hell beast (Depths:1)
  4 peacekeepers
  4 death knights
  3 ogre magi
  A merfolk avatar (Shoals:2)
  An alligator snapping turtle (Shoals:2)
  3 merfolk aquamancers
  8 ironbound frosthearts
  6 boulder beetles
  20 dancing weapons
  5 satyrs
  An alligator (Lair:5)
  3 deep troll shamans
  2 deep troll earth magi
  A satyr (shapeshifter) (Depths:4)
  11 two-headed ogres
  A death yak (Lair:3)
  5 radroaches
  A shock serpent (shapeshifter) (Depths:1)
  3 vampire magi
  An orc high priest (Orc:1)
  2 spriggan berserkers
  A tengu warrior (Depths:1)
  Urug (D:13)
  5 hell knights (Depths:3)
  8 sun demons
  17 deep elf knights
  4 iron trolls
  A sun moth (Spider:4)
  11 skeletal warriors
  3 pharaoh ants
  5 skysharks
  A flayed ghost (Depths:2)
  10 orb spiders
  9 sea snakes
  2 glowing orange brains
  34 deep trolls
  An iron giant skeleton (Crypt:1)
  A spriggan simulacrum (Depths:4)
  5 necromancers
  15 lindwurms
  16 ironbound convokers
  18 wizards
  A shining eye (Depths:1)
  11 phantasmal warriors
  5 steelbarb worms
  9 deep elf archers
  6 harpies
  8 orc knights
  32 deep elf pyromancers
  26 deep elf zephyrmancers
  49 ugly things
  11 orc sorcerers
  17 fauns
  27 wolf spiders
  3 moths of wrath
  14 manticores
  7 cyclopes
  A cyclops (shapeshifter) (Depths:4)
  8 elephants
  7 merfolk sirens
  Maurice (D:8)
  11 water nymphs
  A guardian serpent (shapeshifter) (Elf:1)
  2 rust devils (Depths:3)
  Joseph (D:9)
  12 black mambas
  A titan simulacrum (Depths:4)
  2 eyes of devastation (Depths:1)
  14 vault sentinels
  A guardian serpent (Lair:5)
  5 torpor snails
  3 demonic crawlers (Spider:1)
  A gargoyle (D:10)
  8 cane toads
  A hellion (Depths:1)
  The ghost of Ekaitz the Digger, a novice DsEE of Sif Muna (D:6)
  2 ice devils (Depths:4)
  Maggie (D:9)
  9 rime drakes
  4 komodo dragons
  A tormentor (Depths:3)
  37 yaktaurs
  A golden dragon simulacrum (Depths:4)
  5 freezing wraiths
  4 tengu conjurers (Depths:3)
  10 polar bears
  3 meliai (Spider:4)
  8 wind drakes
  10 trolls
  A hellwing (Depths:3)
  35 merfolk
  22 tarantellas
  A raiju (Lair:5)
  13 hornets
  An iron dragon simulacrum (Depths:4)
  12 blink frogs
  7 snapping turtles
  24 slime creatures
  10 dream sheep
  A vampire (D:11)
  5 air elementals
  16 jumping spiders
  A culicivora (shapeshifter) (D:15)
  3 shadows
  14 wyverns
  16 water elementals
  41 yaks
  11 culicivoras
  5 wraiths
  Eustachio (D:5)
  2 steam dragons
  5 basilisks
  66 redbacks
  5 vampire mosquitoes
  16 wargs
  2 acid dragons
  2 spectral snapping turtles (Shoals:1)
  14 hell hounds (Lair:5)
  21 water moccasins
  A fire bat skeleton (Crypt:1)
  3 orc zombies
  A two-headed ogre skeleton (Crypt:1)
  19 orc warriors
  2 sky beasts
  12 black bears
  6 boggarts
  12 ogres
  2 centaurs
  17 wolves
  2 kobold brigands
  2 earth elementals (Elf:1)
  Blork the orc (D:5)
  15 bullfrogs
  2 necrophages
  3 scorpions
  9 wights
  10 killer bees
  3 lindwurm simulacra (IceCv)
  A polar bear skeleton (Crypt:1)
  8 howler monkeys
  4 electric eels
  8 komodo dragon simulacra (IceCv)
  2 lava snakes (Orc:2)
  3 hounds
  9 jellies
  2 gnoll boudas
  16 orc priests
  5 iguanas
  Crazy Yiuf (D:6)
  42 orc wizards
  3 polar bear simulacra (Lair:3)
  3 yak simulacra (Lair:3)
  3 wolf simulacra (Lair:3)
  8 gnolls
  5 acid dragon simulacra (IceCv)
  14 adders
  A shadow imp (D:4)
  3 white imps
  4 ufetubi
  5 steam dragon simulacra (IceCv)
  3 worms
  4 dart slugs
  92 orcs
  4 bats
  2 endoplasms
  A giant cockroach (D:1)
  4 hobgoblins
  12 kobolds
  3 quokkas
  7 ball pythons
  4 frilled lizards
  9 goblins
  6 rats
  2 river rat simulacra (Lair:3)
  A foxfire (Orc:2)
1785 creatures vanquished.

Vanquished Creatures (collateral kills)
  A redback (Spider:1)
  30 foxfires
31 creatures vanquished.

Vanquished Creatures (others)
  A fire giant (Vaults:5)
  A deep elf sorcerer (Elf:3)
  A vault warden (Vaults:3)
  A green draconian (Depths:4)
  A deep elf death mage (Elf:3)
  A fire dragon (Depths:3)
  A jiangshi (Vaults:2)
  A yaktaur captain (Vaults:5)
  A rakshasa (Depths:2)
  2 dancing weapons (Elf:2)
  A deep elf knight (Elf:1)
  A tengu warrior (Depths:3)
  2 skeletal warriors (Crypt:1)
  An ironbound convoker (Vaults:4)
  An orc knight (Vaults:1)
  A freezing wraith (Vaults:4)
  A merfolk (Shoals:1)
  A polar bear (Lair:5)
  A blink frog (Lair:1)
  A yak (Lair:2)
  A water moccasin (Lair:5)
  An orc warrior (D:11)
  2 ogres (Orc:2)
  A bullfrog (D:6)
  2 orc wizards
  An orc (D:9)
  A briar patch (Depths:2)
  A fire vortex (Lair:3)
  2898 foxfires
  25 fungi
  226 plants
  12 tentacles
3193 creatures vanquished.

Grand Total: 5009 creatures vanquished

Notes
Turn   | Place    | Note
-------+----------+-------------------------------------------
     0 | D:1      | Caestello the Gnoll Wanderer began the quest for the Orb.
     0 | D:1      | Caestello set off with the following items: a +0 club, a +0
                  | helmet, a potion of attraction, a +0 robe, a scroll of fog;
                  | and the following spell memorised: Foxfire; and the
                  | following spells available to memorise: Scorch, Inner
                  | Flame.
     0 | D:1      | Reached XP level 1. HP: 17/17 MP: 4/4
   116 | D:1      | Reached XP level 2. HP: 18/23 MP: 5/5
   609 | D:2      | Got Sif Muna's Cyclopedia of the Chill
   621 | D:2      | Got the Teachings on Twisted Virulence
   640 | D:2      | Reached XP level 3. HP: 24/28 MP: 5/7
   787 | D:2      | Reached skill level 1 in Invocations
   918 | D:2      | Learned a level 2 spell: Scorch
  1040 | D:2      | Reached skill level 1 in Short Blades
  1040 | D:2      | Reached skill level 1 in Long Blades
  1040 | D:2      | Reached skill level 1 in Axes
  1040 | D:2      | Reached skill level 1 in Maces & Flails
  1040 | D:2      | Reached skill level 1 in Polearms
  1040 | D:2      | Reached skill level 1 in Staves
  1040 | D:2      | Reached skill level 1 in Ranged Weapons
  1040 | D:2      | Reached skill level 1 in Throwing
  1040 | D:2      | Reached skill level 1 in Armour
  1040 | D:2      | Reached skill level 1 in Stealth
  1040 | D:2      | Reached skill level 1 in Shields
  1040 | D:2      | Reached skill level 1 in Evocations
  1136 | D:2      | Reached XP level 4. HP: 34/34 MP: 2/8
  1792 | D:3      | Identified the +1 dagger "Dusy" {flame, rN+ Will+ Int+2
                  | Stlth+}
  1845 | D:3      | Found Eziubbuf's Magic Scroll Shoppe.
  1848 | D:3      | Bought a scroll of identify for 28 gold pieces
  1848 | D:3      | Bought a scroll of identify for 28 gold pieces
  1848 | D:3      | Bought a scroll of identify for 28 gold pieces
  1914 | D:3      | Reached skill level 1 in Conjurations
  1914 | D:3      | Reached skill level 1 in Hexes
  1914 | D:3      | Reached skill level 1 in Summonings
  1914 | D:3      | Reached skill level 1 in Necromancy
  1914 | D:3      | Reached skill level 1 in Translocations
  1914 | D:3      | Reached skill level 1 in Transmutations
  1914 | D:3      | Reached skill level 1 in Ice Magic
  1914 | D:3      | Reached skill level 1 in Air Magic
  1914 | D:3      | Reached skill level 1 in Earth Magic
  1914 | D:3      | Reached skill level 1 in Poison Magic
  1977 | D:3      | Identified a scroll of acquirement
  1994 | D:3      | Acquired 1005 gold pieces
  2059 | D:3      | Noticed a scorpion
  2071 | D:3      | Killed a scorpion
  2072 | D:3      | Reached XP level 5. HP: 17/41 MP: 1/9
  3177 | D:4      | You are sucked into a shaft and drop 3 floors!
  3189 | D:7      | Reached XP level 6. HP: 47/47 MP: 3/11
  3253 | D:6      | Noticed a sky beast
  3467 | D:5      | Entered Level 5 of the Dungeon
  3473 | D:5      | Found a staircase to the Ecumenical Temple.
  3473 | D:5      | Noticed a water moccasin
  3482 | D:5      | Killed a water moccasin
  3483 | D:5      | Reached XP level 7. HP: 23/52 MP: 3/12
  3521 | Temple   | Entered the Ecumenical Temple
  3706 | Temple   | Became a worshipper of Ru the Awakened
  3830 | D:5      | Found a snail-covered altar of Cheibriados.
  3830 | D:5      | Found a white marble altar of Elyvilon.
  3830 | D:5      | Found an opulent altar of Gozag.
  3831 | D:5      | Noticed Eustachio
  3846 | D:5      | Killed Eustachio
  3851 | D:5      | HP: 1/53 [iguana (11)]
  3852 | D:5      | Found a faded altar of an unknown god.
  3860 | D:5      | Found a basalt altar of Yredelemnul.
  4091 | D:5      | Noticed a two-headed ogre
  5154 | D:5      | Learned a level 2 spell: Blink
  5158 | D:5      | Learned a level 3 spell: Inner Flame
  5433 | D:5      | Reached XP level 8. HP: 58/60 MP: 6/14
  6387 | D:6      | Identified the +2 pair of gloves of the Other Side {Str+3}
  6610 | D:6      | Found a runed translucent door.
  6616 | D:6      | Noticed Ekaitz's ghost (novice DsEE)
  7080 | D:6      | Noticed a wyvern
  7088 | D:6      | Killed a wyvern
  7306 | D:6      | Noticed a troll
  7306 | D:6      | Noticed a komodo dragon
  7345 | D:6      | Killed a troll
  7346 | D:6      | Reached skill level 5 in Spellcasting
  7346 | D:6      | Reached XP level 9. HP: 67/67 MP: 9/16
  7452 | D:6      | Found a runed translucent door.
  7512 | D:7      | Gained mutation: You are somewhat inexperienced. (-1 XL)
                  | [Ru sacrifice]
  7512 | D:7      | Reached XP level 8. HP: 61/61 MP: 13/15
  7512 | D:7      | Reached * piety under Ru
  7604 | D:7      | Reached skill level 5 in Fighting
  7604 | D:7      | Reached skill level 5 in Unarmed Combat
  8014 | D:7      | Found a transporter.
  8105 | D:7      | Found a transporter.
  8105 | D:7      | Found a one-way gate to the infinite horrors of the Abyss.
  8105 | D:7      | Noticed AverageBear's ghost (novice DsFi)
  8105 | D:7      | Noticed a toenail golem
  8519 | D:8      | Identified the +9 dagger "Ucui" {freeze, Int+5}
  8670 | D:8      | Reached skill level 5 in Invocations
  8865 | D:8      | Noticed Maurice
  8865 | D:8      | Noticed a two-headed ogre
  9148 | D:6      | Found a runed translucent door.
  9149 | D:6      | Noticed Crazy Yiuf
  9164 | D:6      | Killed Crazy Yiuf
  9408 | D:6      | Killed a komodo dragon
  9667 | D:5      | Killed a two-headed ogre
  9668 | D:5      | Reached skill level 5 in Short Blades
  9668 | D:5      | Reached skill level 5 in Long Blades
  9668 | D:5      | Reached skill level 5 in Axes
  9668 | D:5      | Reached skill level 5 in Maces & Flails
  9668 | D:5      | Reached skill level 5 in Polearms
  9668 | D:5      | Reached skill level 5 in Staves
  9668 | D:5      | Reached skill level 5 in Ranged Weapons
  9668 | D:5      | Reached skill level 5 in Throwing
  9668 | D:5      | Reached skill level 5 in Armour
  9668 | D:5      | Reached skill level 5 in Stealth
  9668 | D:5      | Reached skill level 5 in Shields
  9668 | D:5      | Reached skill level 5 in Evocations
  9668 | D:5      | Reached XP level 9. HP: 40/69 MP: 4/17
  9983 | D:5      | Noticed Blork the orc
  9992 | D:5      | Killed Blork the orc
 10550 | D:6      | Killed Ekaitz's ghost
 10865 | D:9      | Gained mutation: You are frail. (-10% HP) [Ru sacrifice]
 10865 | D:9      | Reached ** piety under Ru
 10865 | D:9      | Reached *** piety under Ru
 10967 | D:9      | Noticed Joseph
 10981 | D:9      | Killed Joseph
 11703 | D:7      | Killed a two-headed ogre
 12454 | D:8      | Killed Maurice
 12599 | D:9      | Noticed Maggie
 12609 | D:9      | Killed Maggie
 12610 | D:9      | Reached skill level 5 in Conjurations
 12610 | D:9      | Reached skill level 5 in Hexes
 12610 | D:9      | Reached skill level 5 in Summonings
 12610 | D:9      | Reached skill level 5 in Necromancy
 12610 | D:9      | Reached skill level 5 in Translocations
 12610 | D:9      | Reached skill level 5 in Transmutations
 12610 | D:9      | Reached skill level 5 in Ice Magic
 12610 | D:9      | Reached skill level 5 in Air Magic
 12610 | D:9      | Reached skill level 5 in Earth Magic
 12610 | D:9      | Reached skill level 5 in Poison Magic
 12610 | D:9      | Reached XP level 10. HP: 16/69 MP: 7/20
 12876 | D:9      | Paralysed by a hornet for 1 turns
 13294 | D:9      | Noticed a two-headed ogre
 13471 | D:9      | Killed a two-headed ogre
 13608 | D:9      | Gained mutation: You cannot train Dodging skill. [Ru
                  | sacrifice]
 13608 | D:9      | Reached **** piety under Ru
 13821 | D:9      | Found a staircase to the Orcish Mines.
 14235 | D:9      | Learned a level 2 spell: Lesser Beckoning
 14240 | D:9      | Learned a level 4 spell: Summon Ice Beast
 14244 | D:9      | Learned a level 3 spell: Mephitic Cloud
 14247 | D:9      | Learned a level 2 spell: Cigotuvi's Dreadful Rot
 14251 | D:9      | Learned a level 3 spell: Teleport Other
 14379 | D:9      | Noticed a two-headed ogre
 14399 | D:9      | Killed a two-headed ogre
 14693 | D:9      | Found a blossoming altar of Fedhas.
 14693 | D:9      | Found a sparkling altar of Nemelex Xobeh.
 14694 | D:9      | Found a hazy altar of Hepliaklqana.
 14960 | D:10     | Entered Level 10 of the Dungeon
 14965 | D:10     | Noticed a two-headed ogre
 15260 | D:10     | Killed a two-headed ogre
 15915 | D:10     | Found a staircase to the Lair.
 16245 | D:11     | Found a transporter.
 16269 | D:11     | Noticed a manticore
 16278 | D:11     | Killed a manticore
 16346 | D:11     | Gained mutation: You are hated by all. [Ru sacrifice]
 16346 | D:11     | Reached ***** piety under Ru
 16372 | D:11     | Learned a level 2 spell: Poisonous Vapours
 16402 | D:11     | Found a transporter.
 16402 | D:11     | Noticed a boulder beetle
 16419 | D:11     | Killed a boulder beetle
 16576 | D:11     | Noticed a death knight
 16576 | D:11     | Noticed a phantasmal warrior
 16648 | D:11     | Acquired the +9 spear "Giantslayer" {vamp, rPois rN+}
 16698 | D:11     | Noticed a cyclops
 16707 | D:11     | Killed a cyclops
 16708 | D:11     | Reached XP level 11. HP: 75/75 MP: 18/22
 17390 | Orc:1    | Entered Level 1 of the Orcish Mines
 17902 | Orc:1    | Noticed an orc high priest
 18039 | Orc:1    | Killed an orc high priest
 18492 | Orc:2    | Entered Level 2 of the Orcish Mines
 18518 | Orc:2    | Noticed an ogre mage
 18520 | Orc:2    | Noticed a two-headed ogre
 18744 | Orc:1    | Gained mutation: You are missing an eye, making it more
                  | difficult to aim. [Ru sacrifice]
 18744 | Orc:1    | Reached ****** piety under Ru
 18788 | Orc:2    | Found a runed translucent door.
 18788 | Orc:2    | Noticed xian's ghost (journeyman HOFi)
 18971 | Orc:2    | Found a staircase to the Elven Halls.
 18993 | Orc:2    | Learned a level 3 spell: Hailstorm
 18997 | Orc:2    | Learned a level 3 spell: Gell's Gravitas
 19166 | Orc:2    | Killed a two-headed ogre
 19168 | Orc:2    | Killed an ogre mage
 19629 | Orc:2    | Paralysed by an orc sorcerer for 2 turns
 19719 | Orc:2    | Noticed a soul eater
 20009 | Orc:2    | Noticed an orc warlord
 20638 | Orc:2    | Killed an orc warlord
 20639 | Orc:2    | Reached XP level 12. HP: 67/80 MP: 16/24
 20806 | Orc:2    | Noticed Donald
 20877 | Orc:2    | Killed Donald
 20878 | Orc:2    | Reached skill level 10 in Fire Magic
 21410 | Orc:2    | Paralysed by an orc sorcerer for 3 turns
 21413 | Orc:2    | HP: 1/84 [sun demon[an orc sorcerer] (17)]
 21878 | Orc:2    | Found Alitaug's Antique Weapon Shop.
 21878 | Orc:2    | Found Toshoiwe's Weapon Emporium.
 22118 | Orc:2    | Found Pirom's Book Shop.
 22118 | Orc:2    | Found Neleb's Armour Emporium.
 22563 | Orc:2    | Bought 3 curare-tipped darts for 54 gold pieces
 22634 | Orc:2    | Bought a Trismegistus Codex for 364 gold pieces
 22634 | Orc:2    | Bought Sif Muna's Encyclopedia of Metallic Sidekicks for
                  | 390 gold pieces
 22634 | Orc:2    | Bought a book of Storms for 416 gold pieces
 22634 | Orc:2    | Bought a book of Blasting for 520 gold pieces
 22634 | Orc:2    | Bought a book of Party Tricks for 208 gold pieces
 22636 | Orc:2    | Learned a level 1 spell: Sandblast
 22641 | Orc:2    | Learned a level 3 spell: Ignite Poison
 22667 | Orc:2    | Found Dyok Xygh's CLEARANCE SALE!.
 22797 | Orc:2    | Bought a scroll of teleportation for 12 gold pieces
 22797 | Orc:2    | Bought a scroll of teleportation for 12 gold pieces
 22797 | Orc:2    | Bought a scroll of poison for 16 gold pieces
 23216 | Lair:1   | Entered Level 1 of the Lair of Beasts
 24512 | Lair:2   | Found a radiant altar of Vehumet.
 25230 | Lair:2   | Found a hole to the Spider Nest.
 26252 | Lair:3   | Reached XP level 13. HP: 90/90 MP: 26/26
 26269 | Lair:3   | Reached skill level 10 in Invocations
 26963 | Lair:3   | Found a staircase to the Shoals.
 27611 | Lair:4   | Found a staircase to the Slime Pits.
 28248 | Lair:4   | Noticed Rupert
 28798 | Spider:1 | Entered Level 1 of the Spider Nest
 28894 | Spider:1 | Reached skill level 10 in Spellcasting
 29070 | Spider:1 | Noticed a ghost moth
 29554 | Lair:4   | Killed Rupert
 29555 | Lair:4   | Reached skill level 10 in Fighting
 29555 | Lair:4   | Reached skill level 10 in Unarmed Combat
 29740 | Lair:5   | Entered Level 5 of the Lair of Beasts
 29964 | Lair:5   | Learned a level 4 spell: Olgreb's Toxic Radiance
 30205 | Lair:5   | Noticed Snorg
 30211 | Lair:5   | Killed Snorg
 30987 | Lair:5   | Identified the +1 robe of the Harp {rCorr Str+3 Dex+5}
 31019 | Lair:5   | Reached skill level 10 in Short Blades
 31019 | Lair:5   | Reached skill level 10 in Long Blades
 31019 | Lair:5   | Reached skill level 10 in Axes
 31019 | Lair:5   | Reached skill level 10 in Maces & Flails
 31019 | Lair:5   | Reached skill level 10 in Polearms
 31019 | Lair:5   | Reached skill level 10 in Staves
 31019 | Lair:5   | Reached skill level 10 in Ranged Weapons
 31019 | Lair:5   | Reached skill level 10 in Throwing
 31019 | Lair:5   | Reached skill level 10 in Armour
 31019 | Lair:5   | Reached skill level 10 in Stealth
 31019 | Lair:5   | Reached skill level 10 in Shields
 31019 | Lair:5   | Reached skill level 10 in Evocations
 31608 | Lair:5   | Reached XP level 14. HP: 97/98 MP: 17/28
 33653 | D:11     | Identified the +8 arbalest of Pride {drain, Str+3 Int+4}
 33770 | D:12     | Found a frozen archway.
 33780 | IceCv    | Entered an ice cave
 35162 | D:12     | Found Tejo's Antique Weapon Boutique.
 35180 | D:12     | Identified the +6 broad axe of Heefreaps {freeze, rElec rN+
                  | Int-2}
 36242 | D:13     | Found a broken altar of Ashenzari.
 36379 | D:13     | Noticed Urug
 36386 | D:13     | Killed Urug
 36555 | D:13     | Identified the +7 hand axe of the Saviour {spect, rF++
                  | Will+ MP+9 Dex-3 SInv}
 37185 | D:13     | Found a gate to the Vaults.
 38091 | D:15     | Entered Level 15 of the Dungeon
 38702 | D:15     | Reached XP level 15. HP: 76/107 MP: 20/30
 38794 | D:15     | Found a staircase to the Depths.
 39906 | Spider:1 | Learned a level 4 spell: Airstrike
 44151 | Spider:3 | Reached XP level 16. HP: 58/114 MP: 10/32
 44622 | Spider:3 | Reached skill level 10 in Conjurations
 44622 | Spider:3 | Reached skill level 10 in Hexes
 44622 | Spider:3 | Reached skill level 10 in Necromancy
 44622 | Spider:3 | Reached skill level 10 in Translocations
 44622 | Spider:3 | Reached skill level 10 in Transmutations
 44622 | Spider:3 | Reached skill level 10 in Ice Magic
 44622 | Spider:3 | Reached skill level 10 in Air Magic
 44622 | Spider:3 | Reached skill level 10 in Earth Magic
 44622 | Spider:3 | Reached skill level 10 in Poison Magic
 44899 | Spider:4 | Entered Level 4 of the Spider Nest
 46590 | Spider:4 | Learned a level 5 spell: Lightning Bolt
 49813 | Spider:4 | Identified the +0 pair of boots of Izewuzilu {Int+6}
 49839 | Spider:4 | Got a gossamer rune of Zot
 50379 | Shoals:1 | Entered Level 1 of the Shoals
 50379 | Shoals:1 | Found a transporter.
 50562 | Shoals:1 | Found a transporter.
 50563 | Shoals:1 | Noticed KennySheep's ghost (journeyman NaVM)
 50889 | Shoals:1 | Found Xanyisuo's Assorted Antiques.
 50934 | Shoals:1 | Bought a scroll of fear for 180 gold pieces
 50934 | Shoals:1 | Bought a steaming ring mail for 405 gold pieces
 50934 | Shoals:1 | Identified the +1 ring mail of Discha Meehamp {rCorr} (You
                  | bought it in a shop on level 1 of the Shoals)
 50934 | Shoals:1 | Bought a potion of magic for 360 gold pieces
 50934 | Shoals:1 | Bought a fine tin ring for 225 gold pieces
 50934 | Shoals:1 | Identified the ring "Pitas" {Fly Will+ Int+3 Dex+3} (You
                  | bought it in a shop on level 1 of the Shoals)
 50934 | Shoals:1 | Bought an iridescent whip for 337 gold pieces
 50934 | Shoals:1 | Identified the +6 whip "Dympy" {spect, rF+ Str+4} (You
                  | bought it in a shop on level 1 of the Shoals)
 51631 | Shoals:2 | You are sucked into a shaft and drop 1 floor!
 52034 | Shoals:3 | Noticed Ilsuiw
 52048 | Shoals:3 | Killed Ilsuiw
 52319 | Shoals:3 | Reached XP level 17. HP: 104/121 MP: 33/33
 52821 | Shoals:4 | Entered Level 4 of the Shoals
 54054 | Shoals:4 | Paralysed by an air elemental for 1 turns
 54996 | Shoals:4 | Paralysed by an air elemental for 1 turns
 55000 | Shoals:4 | Paralysed by an air elemental for 1 turns
 55004 | Shoals:4 | Paralysed by an air elemental for 1 turns
 55008 | Shoals:4 | Paralysed by an air elemental for 1 turns
 55418 | Shoals:4 | Paralysed by an air elemental for 1 turns
 55448 | Shoals:4 | Identified the +1 cloak "Cumpatzo" {Will+ Dex+3}
 55964 | Shoals:4 | Got a barnacled rune of Zot
 56525 | Shoals:1 | Identified the ring of Arrival {rN+ Int+4 Dex+4}
 56880 | Elf:1    | Entered Level 1 of the Elven Halls
 57338 | Elf:1    | Found Ifangots's Assorted Antiques.
 57352 | Elf:1    | Bought a scroll of enchant armour for 300 gold pieces
 58142 | Elf:1    | Reached XP level 18. HP: 112/120 MP: 35/35
 58512 | Elf:2    | Found Zenlo's Distillery.
 58571 | Elf:2    | Bought a potion of heal wounds for 95 gold pieces
 58571 | Elf:2    | Bought a potion of curing for 57 gold pieces
 58571 | Elf:2    | Bought a potion of heal wounds for 95 gold pieces
 58645 | Elf:2    | Found a runed translucent gate.
 58645 | Elf:2    | Found a runed translucent gate.
 58645 | Elf:2    | Found a runed translucent gate.
 59930 | Elf:3    | Entered Level 3 of the Elven Halls
 60716 | Elf:3    | Reached skill level 15 in Invocations
 60860 | Elf:3    | Identified the +7 chain mail of Xopp {-Cast Harm rN+++}
 60863 | Elf:3    | Identified the +0 lajatang of the Forsaken Olives {freeze,
                  | Str+3}
 60924 | Elf:3    | Identified the +12 quarterstaff of Jaxenaff {speed, rElec}
 61096 | Elf:3    | Paralysed by an air elemental for 1 turns
 61844 | Vaults:1 | Entered Level 1 of the Vaults
 61851 | Vaults:1 | Learned a level 5 spell: Lee's Rapid Deconstruction
 62023 | Slime:1  | Entered Level 1 of the Pits of Slime
 62031 | Lair:4   | Reached XP level 19. HP: 112/136 MP: 35/37
 62033 | Slime:1  | Gained mutation: You have large cloven feet. [a shining
                  | eye]
 62290 | Depths:1 | Entered Level 1 of the Depths
 62301 | Depths:1 | Noticed Mara
 62377 | Depths:1 | Noticed Caestello's illusion
 62405 | Depths:1 | Killed Mara
 63160 | D:15     | Learned a level 3 spell: Swiftness
 65870 | Vaults:2 | Reached skill level 15 in Ranged Weapons
 65870 | Vaults:2 | Reached skill level 15 in Armour
 65964 | Vaults:2 | Found Aguil's Distillery.
 66012 | Vaults:2 | Bought a potion of curing for 45 gold pieces
 66012 | Vaults:2 | Bought a potion of brilliance for 60 gold pieces
 66012 | Vaults:2 | Bought a potion of heal wounds for 75 gold pieces
 66012 | Vaults:2 | Bought a potion of haste for 150 gold pieces
 66012 | Vaults:2 | Bought 2 potions of brilliance for 120 gold pieces
 67160 | Vaults:2 | Reached XP level 20. HP: 136/144 MP: 38/38
 67369 | Vaults:2 | Found a staircase to the Crypt.
 68079 | Vaults:3 | Learned a level 4 spell: Manifold Assault
 68445 | Vaults:3 | Found Wukoiwno's Assorted Antiques.
 68447 | Vaults:3 | Found Xeymoriz's Assorted Antiques.
 68451 | Vaults:3 | Bought a potion of heal wounds for 195 gold pieces
 68470 | Vaults:3 | Bought a scroll of teleportation for 135 gold pieces
 68470 | Vaults:3 | Bought a potion of curing for 135 gold pieces
 68734 | Vaults:3 | Reached skill level 15 in Spellcasting
 69049 | Vaults:3 | Reached skill level 15 in Fighting
 69049 | Vaults:3 | Reached skill level 15 in Unarmed Combat
 69440 | Vaults:3 | Found Noef's Assorted Antiques.
 69538 | Vaults:3 | Noticed Bai Suzhen
 69561 | Vaults:3 | Killed Bai Suzhen
 71002 | Vaults:4 | Reached skill level 15 in Short Blades
 71002 | Vaults:4 | Reached skill level 15 in Long Blades
 71002 | Vaults:4 | Reached skill level 15 in Axes
 71002 | Vaults:4 | Reached skill level 15 in Maces & Flails
 71002 | Vaults:4 | Reached skill level 15 in Polearms
 71002 | Vaults:4 | Reached skill level 15 in Staves
 71002 | Vaults:4 | Reached skill level 15 in Throwing
 71002 | Vaults:4 | Reached skill level 15 in Stealth
 71002 | Vaults:4 | Reached skill level 15 in Shields
 71002 | Vaults:4 | Reached skill level 15 in Evocations
 71522 | Vaults:4 | Identified the +5 falchion "Fojul" {flame, rElec rF++ MP-9
                  | SInv}
 71524 | Vaults:4 | Identified the +1 robe of Insatiable Hunger {rN+++ Stlth-}
 71932 | Vaults:5 | Entered Level 5 of the Vaults
 72014 | Vaults:5 | Identified the ring "Dotich" {rF++ rN+ MP+9 Str+5}
 72015 | Vaults:5 | Noticed an ancient lich
 72070 | Vaults:5 | Reached XP level 21. HP: 74/152 MP: 0/40
 72128 | Vaults:5 | Got the Omnibus of the Amorphous Iceberg
 72130 | Vaults:5 | Got a silver rune of Zot
 74587 | Depths:1 | Gained mutation: You occasionally shout uncontrollably at
                  | your foes. [a shining eye]
 74838 | Depths:1 | Found a gateway to Hell.
 74863 | Depths:1 | Found an opulent altar of Gozag.
 75919 | Depths:2 | Found an ornate altar of the Wu Jian Council.
 76474 | Depths:2 | Reached skill level 15 in Fire Magic
 77122 | Depths:2 | Identified the ring of Honesty {rElec MP+9}
 77176 | Depths:2 | Noticed the Enchantress
 77209 | Depths:2 | Killed the Enchantress
 77333 | Depths:2 | Identified the +5 hand axe "Geewyix" {drain, Dex+3}
 77548 | Depths:2 | Found a one-way gate leading to the halls of Pandemonium.
 78316 | Depths:3 | You are sucked into a shaft and drop 1 floor!
 78316 | Depths:4 | Entered Level 4 of the Depths
 78320 | Depths:4 | Noticed Frederick
 78531 | Depths:4 | Reached XP level 22. HP: 128/147 MP: 34/42
 79071 | Depths:3 | Found a stormy altar of Qazlal.
 79082 | Depths:3 | Noticed Louise
 79507 | Depths:4 | Learned a level 2 spell: Passwall
 79519 | Depths:4 | Killed Frederick
 80147 | D:3      | Bought a scroll of teleportation for 42 gold pieces
 80147 | D:3      | Bought a scroll of teleportation for 42 gold pieces
 80336 | Elf:1    | Bought a scroll of blinking for 300 gold pieces
 80623 | Depths:3 | Found a one-way gateway to a ziggurat.
 81396 | Depths:3 | Killed Louise
 82415 | Depths:4 | Found a runed translucent gate.
 82415 | Depths:4 | Found a runed translucent gate.
 82415 | Depths:4 | Found a runed translucent gate.
 82555 | Depths:4 | Noticed Dedet's ghost (veteran GrRe)
 83012 | Depths:4 | Noticed a golden dragon
 83219 | Depths:4 | Killed a golden dragon
 83639 | Depths:4 | Found a runed translucent door.
 83643 | Depths:4 | Found a runed translucent door.
 83679 | Depths:4 | Found a runed translucent door.
 83804 | Depths:4 | Acquired 471 gold pieces
 83905 | Depths:4 | Found a runed translucent door.
 83917 | Depths:4 | Found a runed translucent door.
 83921 | Depths:4 | Found a runed translucent door.
 83934 | Depths:4 | Found a gate to the Realm of Zot.
 84036 | Zot:1    | Entered Level 1 of the Realm of Zot
 84246 | Zot:1    | Noticed a golden dragon
 85532 | Depths:4 | Learned a level 4 spell: Flame Wave
 85641 | Depths:4 | Got the ring "Soemm" {Fire Int+4}
 85642 | Depths:4 | Identified the +0 ring mail "Piriwk" {rC- Str+7 Dex-2}
 85643 | Depths:4 | Identified the -2 cloak of the Grue {rN+}
 85824 | Depths:3 | Killed Dedet's ghost
 86960 | Vaults:5 | Identified the +0 longbow "Pepe" {speed, rPois rF+ rCorr
                  | Int-2}
 86986 | Vaults:5 | Noticed a golden dragon
 86996 | Vaults:4 | Reached XP level 23. HP: 74/152 MP: 35/43
 87200 | Vaults:5 | Noticed a dread lich
 87505 | Crypt:1  | Entered Level 1 of the Crypt
 88495 | Crypt:1  | HP: 4/167 [tengu reaver/bolt of acid[Sojobo] (9)]
 88500 | Crypt:1  | Noticed Sojobo
 88533 | Crypt:1  | HP: 2/137 [Sojobo/the air (20)]
 88551 | Crypt:1  | Killed from afar by Sojobo

Illustrated notes

Levels and vault maps discovered:
D:1:      minmay_arrival_doors, layout_rooms
D:2:      layout_loops_ring, serial_bayou_ford_a
D:3:      layout_loops_ring, serial_shops, nicolae_shop_behind_doors,
          dk_vineyard_2, grunt_decor_one_mirror, kennysheep_generic_room_10
D:4:      layout_basic, dreamdust_princess_bridge
D:5:      layout_loops_corners, chequers_temple_overflow_minitemple,
          minmay_temple_entry_junction, st_stairs_3, hex_tiny, uniq_eustachio,
          uniq_blork_the_orc
D:6:      layout_loops_ring, ebering_ghost_sewer_f, minmay_divided_ellipse,
          uniq_crazy_yiuf_cottage
D:7:      layout_loops_ring, gammafunk_ghost_abyssal_escape
D:8:      layout_basic, minivault_23, uniq_maurice
D:9:      minmay_bubble_buster, layout_stronghold,
          gammafunk_temple_overflow_claw, david_orc_3, enter_bailey_3,
          uniq_maggie, uniq_joseph
D:10:     layout_basic, lair_entry_dummy, lemuel_flamethrower_1
D:11:     gammafunk_cloud_chamber, layout_irregular_city
D:12:     layout_stronghold, portal_ice_cave_rime, serial_shops,
          nicolae_stop_n_shop_2
D:13:     layout_basic, david_vaults_4, gauntlet_entry_generic,
          nicolae_ashenzari_panopticon, uniq_urug
D:14:     layout_stronghold, serial_column_ruins, column_ruins_hut_ruined,
          column_ruins_circle_large, column_ruins_open_medium,
          column_ruins_columns_straight, column_ruins_columns_corner,
          column_ruins_open_small, column_ruins_corridor_corner,
          column_ruins_open_tiny, hangedman_decor_growths
D:15:     gammafunk_enter_depths_forms, layout_loops_ring,
          dreamdust_princess_corridor
Temple:   nicolae_temple_superstar
Lair:1:   layout_regular_city
Lair:2:   layout_chaotic_city, spider_nest_entry_rubble, basic_altar,
          minivault_26, nicolae_quartered_pool_super
Lair:3:   layout_gridlike, elwin_shoals_entry_rooms, serial_bayou_pond_c,
          eino_house_with_fridge, grunt_megastairs_5
Lair:4:   layout_loops_ring, nicolae_slime_entry_field_trip, uniq_rupert
Lair:5:   hangedman_lair_caniforms_friends, layout_loops_ring,
          hangedman_lair_tendril_chambers, uniq_snorg
Shoals:1: layout_shoals, ebering_ghost_davey_jones, serial_shops, shop
Shoals:2: cheibrodos_shoals_roost, layout_shoals,
          nicolae_shoals_dead_sea_scrolls
Shoals:3: layout_shoals, uniq_ilsuiw
Shoals:4: shoals_end_hellmonk_storm_palace [storm_palace_center_square,
          storm_palace_corner_pillars, storm_palace_corner_reverse_hut,
          storm_palace_corner_grid, storm_palace_corner_blocked]
Spider:1: layout_chambers, dreamdust_wasp_nest
Spider:2: layout_cave_pods, nicolae_spider_cling_halls
Spider:3: layout_spider_delve
Spider:4: spider_rune_water, hangedman_spider_tarantella_strand
Slime:1:  layout_caves, cheibrodos_slime_lost_civilization_7
Orc:1:    layout_caves
Orc:2:    st_orc_town, layout_caves, hellmonk_ghost_happy_afterlife,
          nicolae_orc_lava_tube, nicolae_shop_clearance, uniq_donald
Elf:1:    eino_elf_arrival_the_gate, layout_gridlike, serial_shops,
          nicolae_shop_hallway_stairs, evilmike_minifort
Elf:2:    elven_hall_of_blades_hangedman_original [grunt_blade_entry_basic],
          layout_geoelf_octagon, serial_glass, glass_columns_c, glass_columns_b,
          hangedman_glass_teeth, nicolae_stop_n_shop_1
Elf:3:    minmay_elf_hall_statues, layout_geoelf_grid, columned_hall_lemuel
Vaults:1: v_alt_pattern_5, vaults_room_door_ring, nicolae_vaults_sealed_display,
          v_alt_pattern_1, vaults_mumra_lcd, v_pattern_3, vaults_room_pool,
          nicolae_vaults_specimen_jars, layout_vaults_omnibox
Vaults:2: hangedman_vaults_stagger, vaults_room_fours,
          minmay_crypt_entry_simple_walls, vaults_room_boxed,
          nicolae_vaults_back_hallway, nicolae_vaults_network_square,
          hangedman_vaults_restitches, hangedman_vaults_pinch,
          ontoclasm_vaults_loading_screen, layout_vaults_chaotic_city,
          serial_shops, shop
Vaults:3: vaults_room_door_hall, v_misc_28, hangedman_vaults_corner_blocks,
          vaults_room_pool, nicolae_vaults_network_s,
          nicolae_vaults_ring_of_whatevers, v_alt_pattern_2,
          nicolae_vaults_network_star, nicolae_vaults_mini_display_case,
          layout_vaults_omnigrid, serial_shops, shop, nicolae_shop_trees,
          nicolae_shop_temple_entry_statues_fountains, uniq_bai_suzhen
Vaults:4: v_pattern_5, grunt_vaults_twisty, v_misc_27,
          hangedman_vaults_capsules, hangedman_vaults_corner_blocks,
          vaults_room_hangedman_quadrants, v_alt_pattern_3,
          nicolae_vaults_angled_halls, vaults_dpeg_diagonal, grunt_vaults_swirl,
          vaults_room_stairs_pillars, layout_vaults_ring
Vaults:5
Crypt:1:  layout_rooms, uniq_sojobo
Depths:1: layout_basic, nicolae_hell_entry_hellmouth_sunbeams,
          abyss_entry_small_statue_room, grunt_gozag_breadcrumbs,
          minmay_pinched_square, uniq_mara
Depths:2: grunt_forest_end_winery, layout_cave_pools, pan_entry,
          nicolae_wu_jian_wuxing_cycle, hell_entry,
          infiniplex_staircase_door_maze
Depths:3: minmay_tri_stars, layout_basic, enter_ziggurat_d, pf_coc_iceberg,
          rand_demon_pan_entry_3, nicolae_qazlal_general_emergency,
          nicolae_abyss_entry_one_way_or_another, minmay_misc_feat_chi,
          uniq_enchantress
Depths:4: evilmike_zot_entry_castle, layout_cave_shapes, hell_entry,
          gammafunk_ghost_icy, uniq_margery, uniq_frederick
Zot:1:    lemuel_acid_trip, layout_onion_interference

Skill      XL: |  1  2  3  4  5  6  7  8  9 10 11 12 13 14 15 16 17 18 19 20 21 22 23 |
---------------+----------------------------------------------------------------------+-----
Invocations    | 1 2 3 5 6 7 9 10 11 12 13 14 15 16 17 18 | 18.1
Short Blades   | 1 2 3 5 6 7 8 9 10 11 12 13 14 15 16 | 16.7
Long Blades    | 1 2 3 5 6 7 8 9 10 11 12 13 14 15 16 | 16.7
Axes           | 1 2 3 5 6 7 8 9 10 11 12 13 14 15 16 | 16.7
Maces & Flails | 1 2 3 5 6 7 8 9 10 11 12 13 14 15 16 | 16.7
Polearms       | 1 2 3 5 6 7 8 9 10 11 12 13 14 15 16 | 16.7
Staves         | 1 2 3 5 6 7 8 9 10 11 12 13 14 15 16 | 16.7
Ranged Weapons | 1 2 3 5 6 7 8 9 10 11 12 13 15 16 17 18 19 | 19.1
Throwing       | 1 2 3 5 6 7 8 9 10 11 12 13 14 15 16 | 16.7
Armour         | 1 2 3 5 6 7 8 9 10 11 12 13 15 16 17 18 19 | 19.1
Stealth        | 1 2 3 5 6 7 8 9 10 11 12 13 14 15 16 | 16.7
Shields        | 1 2 3 5 6 7 8 9 10 11 12 13 14 15 16 | 16.7
Evocations     | 1 2 3 5 6 7 8 9 10 11 12 13 14 15 16 | 16.7
Spellcasting   | 3 4 5 6 7 8 9 10 11 12 13 14 15 16 | 16.9
Conjurations   | 1 2 4 5 6 7 8 9 10 11 12 13 14 | 14.2
Hexes          | 1 2 4 5 6 7 8 9 10 11 12 13 14 | 14.2
Summonings     | 1 2 4 5 0 |  0.0
Necromancy     | 1 2 4 5 6 7 8 9 10 11 12 13 14 | 14.2
Translocations | 1 2 4 5 6 7 8 9 10 11 12 13 14 | 14.2
Transmutations | 1 2 4 5 6 7 8 9 10 11 12 13 14 | 14.2
Ice Magic      | 1 2 4 5 6 7 8 9 10 11 12 13 14 | 14.2
Air Magic      | 1 2 4 5 6 7 8 9 10 11 12 13 14 | 14.2
Earth Magic    | 1 2 4 5 6 7 8 9 10 11 12 13 14 | 14.2
Poison Magic   | 1 2 4 5 6 7 8 9 10 11 12 13 14 | 14.2
Fighting       | 3 4 5 6 7 8 9 10 11 12 13 14 15 16 | 16.9
Unarmed Combat | 3 4 5 6 7 8 9 10 11 12 13 14 15 16 | 16.9
Dodging        | 7 8 9 0 |  0.0
Fire Magic     | 8 9 10 11 12 13 14 15 | 15.7

Action                     |  1- 3 |  4- 6 |  7- 9 | 10-12 | 13-15 | 16-18 | 19-21 | 22-24 || total
---------------------------+-------+-------+-------+-------+-------+-------+-------+-------++-------
  Melee: Club              |    30 |       |       |       |       |       |       |       ||    30
         Bite              |     4 |     3 |    11 |    14 |    48 |    65 |   112 |    82 ||   339
         Punch             |     1 |       |     4 |     2 |       |       |       |       ||     7
         Unarmed           |    34 |       |       |       |       |       |       |       ||    34
         Dagger            |       |    25 |    89 |    44 |    35 |     4 |       |       ||   197
         Dire flail        |       |       |     9 |       |       |       |       |       ||     9
         Spear             |       |       |       |    78 |   286 |    77 |       |       ||   441
         Hand axe          |       |       |       |       |   151 |   441 |   632 |   496 ||  1720
  Throw: Dart              |       |       |       |       |     2 |       |       |       ||     2
   Cast: Foxfire           |    28 |    63 |   467 |   732 |   370 |    21 |    43 |     6 ||  1730
         Scorch            |     3 |     7 |    45 |   111 |    66 |    29 |    24 |     8 ||   293
         Inner Flame       |       |       |     1 |       |       |       |       |       ||     1
         Blink             |       |       |    11 |     8 |     2 |     4 |     1 |     4 ||    30
         Poisonous Vapours |       |       |       |    53 |   207 |   281 |   278 |   149 ||   968
         Summon Ice Beast  |       |       |       |     4 |       |       |       |       ||     4
         Mephitic Cloud    |       |       |       |    41 |    22 |     2 |     1 |     2 ||    68
         Cigotuvi's Dreadf |       |       |       |     2 |     1 |       |       |       ||     3
         Hailstorm         |       |       |       |    20 |    18 |     2 |    12 |     5 ||    57
         Gell's Gravitas   |       |       |       |     7 |     1 |     1 |       |       ||     9
         Sandblast         |       |       |       |    54 |   146 |    11 |    14 |     7 ||   232
         Ignite Poison     |       |       |       |    11 |   166 |   235 |   217 |   110 ||   739
         Teleport Other    |       |       |       |     5 |       |    18 |       |     2 ||    25
         Olgreb's Toxic Ra |       |       |       |       |    17 |    31 |    49 |     9 ||   106
         Airstrike         |       |       |       |       |     2 |     9 |    38 |    37 ||    86
         Lightning Bolt    |       |       |       |       |       |    15 |       |       ||    15
         Lee's Rapid Decon |       |       |       |       |       |       |    18 |    25 ||    43
         Swiftness         |       |       |       |       |       |       |    11 |     8 ||    19
         Manifold Assault  |       |       |       |       |       |       |     4 |     8 ||    12
         Lesser Beckoning  |       |       |       |       |       |       |     1 |       ||     1
         Flame Wave        |       |       |       |       |       |       |       |    21 ||    21
 Invoke: Sacrifice Experie |       |       |     1 |       |       |       |       |       ||     1
         Draw Out Power    |       |       |     1 |     4 |     3 |       |     1 |     2 ||    11
         Sacrifice Health  |       |       |     1 |       |       |       |       |       ||     1
         Sacrifice Love    |       |       |       |     1 |       |       |       |       ||     1
         Sacrifice Nimblen |       |       |       |     1 |       |       |       |       ||     1
         Apocalypse        |       |       |       |     4 |     3 |     3 |     5 |     4 ||    19
         Sacrifice an Eye  |       |       |       |     1 |       |       |       |       ||     1
         Power Leap        |       |       |       |     1 |    11 |    18 |     7 |     9 ||    46
  Evoke: Wand              |       |       |       |     1 |     3 |       |     3 |     6 ||    13
         Tin of tremorston |       |       |       |       |       |       |     1 |     1 ||     2
         Phial of floods   |       |       |       |       |       |       |       |     1 ||     1
         Lightning rod     |       |       |       |       |       |       |       |     3 ||     3
         Piece from Xom's  |       |       |       |       |       |       |       |     1 ||     1
    Use: Scroll            |       |     7 |     6 |    14 |     8 |    11 |    17 |    13 ||    76
         Potion            |       |       |       |     3 |    11 |     8 |     8 |    13 ||    43
   Stab: Distracted        |       |       |       |     2 |     7 |    12 |    28 |    26 ||    75
         Paralysed         |       |       |       |     3 |    19 |     4 |     4 |     6 ||    36
         Confused          |       |       |       |     2 |     3 |       |       |       ||     5
         Sleeping          |       |       |       |       |     3 |     9 |     6 |       ||    18
         Invisible         |       |       |       |       |     7 |    13 |     3 |     6 ||    29
 Armour: Robe              |    21 |     4 |    98 |       |       |       |       |       ||   123
         Steam dragon scal |       |       |       |    67 |       |       |       |       ||    67
         Acid dragon scale |       |       |       |    82 |   315 |   236 |   160 |   124 ||   917
  Dodge: Dodged            |    73 |    24 |   214 |   178 |   277 |   160 |    91 |   108 ||  1125
  Block: Kite shield       |       |       |       |    64 |   493 |   582 |   600 |   450 ||  2189
         Reflection        |       |       |       |       |     7 |    35 |    83 |    13 ||   138

Table legend: (Time is in decaauts)
 A = Elapsed time spent in this place.
 B = Non-inter-level travel time spent in this place.
 C = Inter-level travel time spent in this place.
 D = Time resting spent in this place.
 E = Time spent auto-exploring this place.
 F = Levels seen in this place.
 G = Mean time per level.
                   A        B        C        D        E       F      G
               +--------+--------+--------+--------+--------+-----+--------+
         Total |  88055 |  79400 |   8655 |  25805 |  28589 |  47 | 1873.5 |
       Dungeon |  25029 |  21456 |   3573 |   3426 |  12873 |  15 | 1668.6 |
        Temple |    210 |    186 |     24 |     30 |    134 |   1 |  210.0 |
          Lair |  10058 |   8902 |   1156 |   2361 |   4116 |   5 | 2011.6 |
        Shoals |   6150 |   5902 |    248 |   2221 |   1764 |   4 | 1537.5 |
   Spider Nest |  10984 |   9948 |   1036 |   5254 |   1556 |   4 | 2746.0 |
    Slime Pits |      6 |      6 |      0 |      0 |      0 |   1 |    6.0 |
  Orcish Mines |   5434 |   4961 |    473 |   1628 |   1386 |   2 | 2717.0 |
   Elven Halls |   4878 |   4580 |    298 |   1393 |   1147 |   3 | 1626.0 |
        Vaults |  12863 |  11409 |   1454 |   4364 |   3655 |   5 | 2572.6 |
         Crypt |    254 |    254 |      0 |     33 |      0 |   1 |  254.0 |
        Depths |  11460 |  11072 |    388 |   4748 |   1957 |   4 | 2865.0 |
           Zot |     25 |     25 |      0 |      0 |      0 |   1 |   25.0 |
      Ice Cave |    697 |    697 |      0 |    346 |      0 |   1 |  697.0 |
               +--------+--------+--------+--------+--------+-----+--------+

Top non-repeatable levels by time:
Depths:4: 4240 daAuts
     D:9: 3758 daAuts
Vaults:2: 3757 daAuts
Spider:3: 3706 daAuts
Vaults:4: 3630 daAuts
Depths:3: 3371 daAuts
   Orc:2: 3321 daAuts
Spider:4: 2969 daAuts
Vaults:3: 2935 daAuts
  Lair:5: 2736 daAuts
     D:5: 2377 daAuts
Spider:1: 2350 daAuts
     D:6: 2288 daAuts
  Lair:3: 2274 daAuts
Shoals:3: 2168 daAuts
